 Dungeon Crawl Stone Soup version 0.29-a0-451-gfbfa42419e (webtiles) character file.

Game seed: 11337451946284498014

170303 Ijustatesigmund the Carver (level 17, -4/199 HPs)
             Began as a Gnoll Fire Elementalist on May 19, 2022.
             Was the Champion of Cheibriados.
             Killed by vampiric draining
             ... invoked by a vampire knight
              (22 damage)
             ... on level 2 of the Depths.
             The game lasted 02:03:20 (33837 turns).

Ijustatesigmund the Carver (GnFE)                  Turns: 33837, Time: 02:03:20

Health: -4/199     AC: 13    Str: 23    XL:     17   Next: 99%
Magic:  3/34       EV: 33    Int: 36    God:    Cheibriados [******]
Gold:   1519       SH:  9    Dex: 29    Spells: 9/42 levels left

rFire   + . .      SeeInvis .   E - +7 long sword "Murmur" {elec, rF+ rC+}
rCold   + . .      Faith    .   i - +0 buckler
rNeg    . . .      Spirit   .   a - +1 troll leather armour {Pargi}
rPois   +          Reflect  .   p - +2 helmet
rElec   .          Harm     .   o - +1 cloak of Starlight {*Dazzle EV+4 Stlth--}
rCorr   .          Rampage  .   (no gloves)
Will    +....                   (no boots)
Stlth   ..........              q - amulet of regeneration
HPRegen 2.03/turn               G - ring of wizardry
MPRegen 0.24/turn               W - ring "Imehowk" {rPois EV+4}

@: berserking, studying Long Blades, very slow
A: fangs 1, strong nose, distributed training
a: Renounce Religion, Bend Time, Temporal Distortion, Slouch, Step From Time


You were on level 2 of the Depths.
You worshipped Cheibriados.
Cheibriados was exalted by your worship.
You visited 5 branches of the dungeon, and saw 26 of its levels.
You also visited: Sewer and Volcano.

You collected 2500 gold pieces.
You spent 981 gold pieces at shops.

Inventory:

Hand Weapons
 d - the +5 war axe of Xanem {flame, Will+}
   (You found it on level 3 of the Lair of Beasts)

   It burns those it strikes, dealing additional fire damage.
   Big, fiery blades are also staple armaments of hydra-hunters.
   Will:      It increases your willpower.
 x - a +0 morningstar of holy wrath
 E - the +7 long sword "Murmur" (weapon) {elec, rF+ rC+}
   (You found it on level 8 of the Dungeon)

   It occasionally discharges a powerful burst of electricity upon striking a
   foe.
   rF:        It protects you from fire.
   rC:        It protects you from cold.
Missiles
 C - 14 silver boomerangs (quivered)
 F - 7 throwing nets
Armour
 a - a +1 troll leather armour (worn) {Pargi}
 i - a +0 buckler (worn)
 o - the +1 cloak of Starlight (worn) {*Dazzle EV+4 Stlth--}
   (You acquired it in a sewer)

   It may blind those who miss an attack against the wearer in melee combat.
   EV:        It affects your evasion (+4).
   Stlth:     It makes you much less stealthy.
 p - a +2 helmet (worn)
Jewellery
 g - a ring of protection from fire
 q - an amulet of regeneration (around neck)
 z - a ring of resist corrosion
 G - a ring of wizardry (left hand)
 O - a ring of protection from fire
 T - a ring of positive energy
 U - a ring of protection from cold
 V - a ring of willpower
 W - the ring "Imehowk" (right hand) {rPois EV+4}
   (You found it in a volcano)

   [ring of evasion]

   EV:        It affects your evasion (+4).
   rPois:     It protects you from poison.
 Z - a ring of fire
Wands
 w - a wand of acid (11)
 y - a wand of flame (37)
 B - a wand of paralysis (4)
 I - a wand of polymorph (16)
 J - a wand of iceblast (13)
 K - a wand of digging (9)
 M - a wand of mindburst (12)
 N - a wand of charming (7)
Scrolls
 k - 5 scrolls of vulnerability
 l - 6 scrolls of poison
 m - 3 scrolls of enchant weapon
 s - 4 scrolls of magic mapping
 t - 3 scrolls of teleportation
 A - 3 scrolls of fear
 H - 5 scrolls of identify
 P - 3 scrolls of summoning
 R - a scroll of amnesia
 S - a scroll of blinking
Potions
 b - 3 potions of magic
 c - 7 potions of ambrosia
 e - 6 potions of curing
 f - 5 potions of resistance
 h - 9 potions of attraction
 j - 8 potions of might
 r - 4 potions of brilliance
 u - 3 potions of invisibility
 v - 3 potions of cancellation
 D - 6 potions of mutation
 Q - a potion of flight
 X - a potion of lignification
Miscellaneous
 L - a condenser vane


   Skills:
 + Level 12.0 Fighting
 + Level 12.0 Short Blades
 + Level 13.5 Long Blades
 + Level 12.0 Axes
 + Level 12.0 Maces & Flails
 + Level 12.0 Polearms
 + Level 12.0 Staves
 + Level 12.0 Slings
 + Level 12.0 Bows
 + Level 12.0 Crossbows
 + Level 12.0 Throwing
 + Level 12.0 Armour
 + Level 12.8 Dodging
 + Level 12.7 Stealth
 + Level 12.0 Shields
 + Level 12.0 Unarmed Combat
 + Level 13.0 Spellcasting
 + Level 10.4 Conjurations
 + Level 10.2 Hexes
 + Level 10.2 Summonings
 + Level 10.2 Necromancy
 + Level 10.2 Translocations
 + Level 10.2 Transmutations
 + Level 11.5 Fire Magic
 + Level 10.2 Ice Magic
 + Level 10.2 Air Magic
 + Level 10.2 Earth Magic
 + Level 10.2 Poison Magic
 + Level 13.1 Invocations
 + Level 12.0 Evocations


You had 9 spell levels left.
You knew the following spells:

 Your Spells              Type           Power      Damage    Failure   Level
a - Foxfire               Conj/Fire      100%       2x1d9     1%          1
b - Scorch                Fire           100%       2d10      1%          2
c - Flame Wave            Conj/Fire      80%        2d14      1%          4
d - Summon Mana Viper     Hex/Summ       77%        N/A       1%          5
e - Dispel Undead         Necr           77%        3d25      1%          4
f - Mephitic Cloud        Conj/Pois/Air  78%        N/A       1%          3
g - Ignite Poison         Fire/Tmut/Pois 79%        N/A       1%          3
h - Freezing Cloud        Conj/Ice/Air   39%        6-21      1%          5
i - Iron Shot             Conj/Erth      39%        9d8       1%          6

Your spell library contained the following spells:

 Spells                   Type           Power      Damage    Failure   Level
 Magic Dart               Conj           100%       1d8       1%          1
 Necrotize                Necr           100%       1d9       1%          1
 Poisonous Vapours        Pois/Air       100%       N/A       1%          2
 Searing Ray              Conj           100%       2d8       1%          2
 Conjure Flame            Conj/Fire      80%        6-21      1%          3
 Gell's Gravitas          Tloc           77%        N/A       1%          3
 Inner Flame              Hex/Fire       80%        N/A       1%          3
 Summon Guardian Golem    Hex/Summ       77%        N/A       1%          3
 Teleport Other           Tloc           77%        N/A       1%          3
 Vampiric Draining        Necr           77%        2d11      1%          3
 Corpse Rot               Necr/Pois/Air  77%        N/A       1%          4
 Fulminant Prism          Conj/Hex       39%        3d18      1%          4
 Passage of Golubria      Tloc           77%        N/A       1%          4
 Summon Ice Beast         Ice/Summ       77%        N/A       1%          4
 Agony                    Necr           77%        N/A       1%          5
 Iskenderun's Battlesphe  Conj           78%        2d13      1%          5
 Silence                  Hex/Air        38%        N/A       1%          5
 Summon Forest            Summ/Tloc      38%        N/A       1%          5
 Death Channel            Necr           38%        N/A       2%          6
 Dispersal                Tloc           38%        N/A       2%          6
 Summon Cactus Giant      Summ           38%        N/A       2%          6
 Orb of Destruction       Conj           39%        9d11      11%         7
 Spellforged Servitor     Conj/Summ      39%        N/A       11%         7
 Monstrous Menagerie      Summ           38%        N/A       12%         7
 Lehudib's Crystal Spear  Conj/Erth      39%        10d10     61%         8


Dungeon Overview and Level Annotations

Branches:
Dungeon (15/15)            Temple (1/1) D:6            Lair (6/6) D:11
  Swamp (0/4) Lair:4       Spider (0/4) Lair:2        Slime (0/5) Lair:6
    Orc (2/2) D:12            Elf (0/3) Orc:2        Vaults (0/5) D:13
 Depths (2/4) D:15          Sewer (visited)         Volcano (visited)

Altars:
Ashenzari
Cheibriados
Dithmenos
Elyvilon
Fedhas
Gozag
Hepliaklqana
Kikubaaqudgha
Makhleb
Nemelex Xobeh
Okawaru
Qazlal
Ru
Sif Muna
Trog
Uskayaw
Vehumet
Wu Jian
Xom
Yredelemnul
Zin
The Shining One
Beogh

Shops:
D:4 *   D:6 *   D:8 *?*   D:14 *   Orc:2 [:([   Depths:2 *

Portals:
Hell: Lair:6 Depths:1 Depths:2
Abyss: Depths:1
Pandemonium: Depths:2
Ziggurat: Depths:2

Annotations:
D:8 exclusion: ice statue
D:12 1 runed translucent door


Innate Abilities, Weirdness & Mutations

You have very sharp teeth.
Your uncanny sense of smell can sniff out nearby items.
Your experience applies equally to all skills.


Message History

Cheibriados appreciates the change of pace.
You kill the frost giant!
Cheibriados appreciates the change of pace.
You hit the stone giant but do no damage.
Lightning courses through the stone giant!
The stone giant is almost dead.
The stone giant misses you.
You hear some strange, mumbled words.
You hit the stone giant.
The stone giant is almost dead.
Casting: Ignite Poison (safe; 1% risk of failure)
Confirm with . or Enter, or press ? or * to list all spells.
Aiming: Iron Shot (dangerous; 1% risk of failure)
Press: ? - help, Shift-Dir - straight line, f - stone giant
Aim: a stone giant, quivering large rocks (almost dead, 100% to hit)
The iron shot hits the stone giant!!
You kill the stone giant!
Cheibriados appreciates the change of pace.
Something barely misses you. x2
As you read the scroll of fog, it crumbles to dust.
The scroll dissolves into smoke.
You block something's attack. Something bites you but does no damage.
You hit something but do no damage. You bite something. Something hits you!!
* * * LOW HITPOINT WARNING * * *
Something bites you but does no damage.
Casting: Iron Shot (dangerous; 1% risk of failure)
Confirm with . or Enter, or press ? or * to list all spells.
You can't see any susceptible monsters within range! (Use Z to cast anyway.)
Casting: Iron Shot (dangerous; 1% risk of failure)
Confirm with . or Enter, or press ? or * to list all spells.
Aiming: Iron Shot (dangerous; 1% risk of failure)
Press: ? - help, Shift-Dir - straight line
Aim: Disturbance (purple smoke)
The iron shot hits something!
Something hits you!!
* * * LOW HITPOINT WARNING * * *
Something closely misses you.
A red film seems to cover your vision as you go berserk!
Cheibriados forces you to slow down.
You feel mighty! Something draws life force from you!!
You die...

#.....# ))(.# #
#.....# .?..
#.##...## ...
#...#### ##'##
####...###.§.##
#.....#..§.§#
#.....#)§§§§#
#.....#.§§§§#
##...#.#§{@#.#
####..##### #
#.### ##


There were no monsters in sight!

Vanquished Creatures
  A dread lich (Depths:2)
  Rupert (D:15)
  A lich (D:12)
  Kirke (D:14)
  3 frost giants
  2 fire giants (Depths:2)
  A cacodemon (Depths:1)
  A spriggan defender (Depths:2)
  9 stone giants
  8 very ugly things
  A vampire knight (D:15)
  A deep elf annihilator (D:12)
  A spark wasp (Depths:2)
  A dire elephant (D:15)
  An ettin (D:15)
  A fire dragon (Depths:2)
  Snorg (D:11)
  A merfolk impaler (Depths:1)
  2 jiangshi (Depths:1)
  2 rakshasas
  2 boulder beetles
  4 vault guards (D:13)
  A great orb of eyes (D:12)
  Harold (D:11)
  A salamander tyrant (Depths:2)
  10 hydras
  6 ice dragons
  2 spriggan air magi
  5 centaur warriors
  A two-headed ogre (D:12)
  12 tengu warriors
  3 vampire magi
  3 death yaks (Lair:2)
  A deep troll earth mage (Depths:1)
  A deep troll shaman (D:15)
  2 orc high priests (Orc:2)
  A hell knight (Volcano)
  Sonja (Orc:1)
  A spriggan berserker (Depths:2)
  6 skeletal warriors (D:12)
  A salamander mystic (Volcano)
  2 glowing orange brains (Depths:1)
  A sixfirhy (Lair:6)
  6 deep trolls
  A flayed ghost (Depths:2)
  4 bog bodies (Lair:4)
  2 deep elf pyromancers
  A necromancer (D:12)
  5 orc sorcerers (Orc:2)
  4 orc knights
  10 ugly things
  A wolf spider (D:15)
  2 manticores (D:13)
  3 cyclopes
  3 oklob plants
  8 slime creatures
  6 salamanders
  16 elephants
  7 black mambas
  9 cane toads
  2 molten gargoyles (Volcano)
  4 orange demons (Lair:6)
  2 gargoyles
  3 unseen horrors
  Maggie (Lair:1)
  8 rime drakes
  10 yaktaurs
  3 hellwings
  14 komodo dragons
  An ice devil (Lair:6)
  7 trolls
  A meliai (shapeshifter) (D:15)
  A queen bee (Lair:4)
  5 polar bears
  3 meliai
  18 blink frogs
  7 hornets
  A dream sheep (shapeshifter) (D:13)
  13 dream sheep
  2 shadows
  A centaur simulacrum (D:15)
  7 spriggans
  A wraith (D:10)
  41 yaks
  6 hogs (D:14)
  3 vampires
  2 fire bats (Volcano)
  7 basilisks
  7 water elementals
  8 wyverns
  6 steam dragons
  8 vampire mosquitoes
  A neqoxec (Depths:2)
  3 wargs
  A swamp worm (Lair:4)
  7 hell hounds (Lair:6)
  An acid dragon (D:12)
  19 water moccasins
  2 floating eyes (Depths:1)
  2 black bears
  22 orc warriors
  3 sky beasts
  Pargi (Sewer)
  5 ice beasts
  An ogre (shapeshifter) (Depths:2)
  6 ogres
  11 wolves
  13 centaurs
  3 kobold brigands
  11 bullfrogs
  3 gnoll sergeants
  3 scorpions
  36 killer bees
  4 howler monkeys
  7 electric eels
  5 lava snakes (Volcano)
  2 hounds
  30 orc priests
  2 jellies (D:6)
  2 gnoll shamans
  An iguana (shapeshifter) (D:12)
  5 iguanas
  36 orc wizards
  17 adders
  19 gnolls
  A shadow imp (D:6)
  9 ufetubi
  5 worms
  2 dart slugs
  77 orcs
  10 endoplasms
  5 giant cockroaches
  6 goblins
  7 hobgoblins
  11 jackals (D:1)
  22 kobolds
  4 quokkas
  4 ball pythons
  2 bats (D:1)
  7 frilled lizards
  4 rats
  A spectral kobold (D:2)
  A bush (Lair:2)
861 creatures vanquished.

Vanquished Creatures (collateral kills)
  A stone giant (Depths:1)
  A very ugly thing (Depths:1)
  The ghost of leebro123 the Grappler, a journeyman TrGl of Qazlal (D:12)
  An ettin (Depths:2)
  A fire dragon (Depths:1)
  A hydra (Lair:6)
  A spriggan berserker (Depths:1)
  2 wizards
  2 orc sorcerers
  2 ugly things (Depths:1)
  A black mamba (Lair:5)
  An elephant (Lair:6)
  3 cane toads
  A slime creature (D:14)
  A centaur simulacrum (D:12)
  3 yaks (Lair:4)
  3 basilisks (Lair:5)
  2 vampires (D:12)
  A water moccasin (Lair:5)
  An orc warrior (Orc:1)
  An orc priest (Orc:2)
  2 orc wizards
  2 foxfires
35 creatures vanquished.

Vanquished Creatures (others)
  A meliai (Lair:4)
  A slime creature (D:13)
  An orc wizard (Orc:2)
  An orc (Orc:2)
  A bush (Lair:4)
  663 foxfires
  66 fungi
  165 plants
899 creatures vanquished.

Grand Total: 1795 creatures vanquished

Notes
Turn   | Place    | Note
-------+----------+-------------------------------------------
     0 | D:1      | Ijustatesigmund the Gnoll Fire Elementalist began the quest
                  | for the Orb.
     0 | D:1      | Reached XP level 1. HP: 13/13 MP: 6/6
   228 | D:1      | Reached XP level 2. HP: 19/19 MP: 3/7
   231 | D:1      | Learned a level 2 spell: Scorch
   618 | D:1      | Reached XP level 3. HP: 25/25 MP: 9/9
   626 | D:1      | Reached skill level 5 in Spellcasting
   993 | D:1      | Reached skill level 1 in Invocations
  1655 | D:2      | Reached skill level 1 in Fighting
  1655 | D:2      | Reached skill level 1 in Short Blades
  1655 | D:2      | Reached skill level 1 in Long Blades
  1655 | D:2      | Reached skill level 1 in Axes
  1655 | D:2      | Reached skill level 1 in Maces & Flails
  1655 | D:2      | Reached skill level 1 in Polearms
  1655 | D:2      | Reached skill level 1 in Staves
  1655 | D:2      | Reached skill level 1 in Slings
  1655 | D:2      | Reached skill level 1 in Bows
  1655 | D:2      | Reached skill level 1 in Crossbows
  1655 | D:2      | Reached skill level 1 in Throwing
  1655 | D:2      | Reached skill level 1 in Armour
  1655 | D:2      | Reached skill level 1 in Shields
  1655 | D:2      | Reached skill level 1 in Unarmed Combat
  1655 | D:2      | Reached skill level 1 in Evocations
  1851 | D:2      | Reached XP level 4. HP: 29/32 MP: 6/11
  2016 | D:2      | Found a faded altar of an unknown god.
  2453 | D:3      | Noticed a scorpion
  2460 | D:3      | Killed a scorpion
  2461 | D:3      | Reached skill level 1 in Hexes
  2461 | D:3      | Reached skill level 1 in Summonings
  2461 | D:3      | Reached skill level 1 in Necromancy
  2461 | D:3      | Reached skill level 1 in Translocations
  2461 | D:3      | Reached skill level 1 in Transmutations
  2461 | D:3      | Reached skill level 1 in Ice Magic
  2461 | D:3      | Reached skill level 1 in Air Magic
  2461 | D:3      | Reached skill level 1 in Earth Magic
  2461 | D:3      | Reached skill level 1 in Poison Magic
  2461 | D:3      | Reached XP level 5. HP: 37/37 MP: 8/12
  2474 | D:3      | Learned a level 4 spell: Flame Wave
  3240 | D:4      | Reached XP level 6. HP: 31/44 MP: 6/13
  3603 | D:4      | Reached skill level 5 in Dodging
  3932 | D:4      | Found Ujierol's Serpentskin Sales.
  3932 | D:4      | Noticed a water moccasin
  3939 | D:4      | Killed a water moccasin
  3940 | D:4      | Reached XP level 7. HP: 36/51 MP: 12/15
  4087 | D:4      | Bought a scroll of poison for 42 gold pieces
  4114 | D:4      | Found a sacrificial altar of Ru.
  4810 | D:5      | Entered Level 5 of the Dungeon
  4810 | D:5      | Found a glowing drain.
  4817 | D:5      | Reached skill level 5 in Stealth
  4907 | Sewer    | Entered a sewer
  4926 | Sewer    | Noticed Pargi
  4931 | Sewer    | Killed Pargi
  4932 | Sewer    | Reached XP level 8. HP: 57/57 MP: 10/16
  5074 | Sewer    | Identified a scroll of acquirement
  5074 | Sewer    | Acquired the +1 cloak of Starlight {*Dazzle EV+4 Stlth--}
  5074 | Sewer    | Found the +1 cloak of Starlight {*Dazzle EV+4 Stlth--}
  6200 | D:6      | Found Ojeox's Assorted Antiques.
  6207 | D:6      | Bought a scroll labelled ZICIAR BIHIANI for 25 gold pieces
  6207 | D:6      | Bought a scroll labelled MOOQOI DATEWN for 25 gold pieces
  6459 | D:6      | Found a staircase to the Ecumenical Temple.
  6740 | Temple   | Entered the Ecumenical Temple
  7302 | Temple   | Became a worshipper of Cheibriados the Contemplative
  7480 | D:7      | Reached XP level 9. HP: 63/65 MP: 11/18
  8002 | D:7      | Reached * piety under Cheibriados
  8383 | D:8      | Identified the +7 long sword "Murmur" {elec, rF+ rC+}
  8395 | D:8      | Found Daor's Magic Scroll Emporium.
  8403 | D:8      | Bought a scroll of identify for 28 gold pieces
  8403 | D:8      | Bought a scroll of fear for 49 gold pieces
  8403 | D:8      | Bought a scroll of identify for 28 gold pieces
  8403 | D:8      | Bought a scroll of teleportation for 42 gold pieces
  8478 | D:8      | Reached skill level 5 in Invocations
  8655 | D:8      | Found Ryngow's Assorted Antiques.
  8727 | D:8      | Bought a scroll labelled ARUWOA HAYSEUT for 24 gold pieces
  8797 | D:8      | Reached ** piety under Cheibriados
  8798 | D:8      | Reached XP level 10. HP: 69/73 MP: 20/20
  8969 | D:8      | Noticed an ice statue
  9124 | D:8      | Reached skill level 5 in Fighting
  9124 | D:8      | Reached skill level 5 in Short Blades
  9124 | D:8      | Reached skill level 5 in Long Blades
  9124 | D:8      | Reached skill level 5 in Axes
  9124 | D:8      | Reached skill level 5 in Maces & Flails
  9124 | D:8      | Reached skill level 5 in Polearms
  9124 | D:8      | Reached skill level 5 in Staves
  9124 | D:8      | Reached skill level 5 in Slings
  9124 | D:8      | Reached skill level 5 in Bows
  9124 | D:8      | Reached skill level 5 in Crossbows
  9124 | D:8      | Reached skill level 5 in Throwing
  9124 | D:8      | Reached skill level 5 in Armour
  9124 | D:8      | Reached skill level 5 in Shields
  9124 | D:8      | Reached skill level 5 in Unarmed Combat
  9124 | D:8      | Reached skill level 5 in Evocations
  9300 | D:8      | Found Efoec's Assorted Antiques.
 10080 | D:9      | Paralysed by a hornet for 2 turns
 10098 | D:9      | Reached skill level 5 in Conjurations
 10158 | D:9      | Reached *** piety under Cheibriados
 11126 | D:10     | Entered Level 10 of the Dungeon
 11132 | D:10     | Killed an unseen horror
 11133 | D:10     | Reached XP level 11. HP: 81/81 MP: 15/22
 11377 | D:10     | Reached **** piety under Cheibriados
 11469 | D:10     | Reached skill level 5 in Hexes
 11469 | D:10     | Reached skill level 5 in Summonings
 11469 | D:10     | Reached skill level 5 in Necromancy
 11469 | D:10     | Reached skill level 5 in Translocations
 11469 | D:10     | Reached skill level 5 in Transmutations
 11469 | D:10     | Reached skill level 5 in Ice Magic
 11469 | D:10     | Reached skill level 5 in Air Magic
 11469 | D:10     | Reached skill level 5 in Earth Magic
 11469 | D:10     | Reached skill level 5 in Poison Magic
 11897 | D:10     | Learned a level 5 spell: Summon Mana Viper
 12027 | D:11     | Noticed Harold
 12027 | D:11     | Noticed a skeletal warrior
 12027 | D:11     | Noticed a skeletal warrior
 12027 | D:11     | Noticed a skeletal warrior
 12027 | D:11     | Noticed a skeletal warrior
 12028 | D:11     | Noticed a skeletal warrior
 12171 | D:11     | Killed Harold
 12254 | D:11     | Noticed Snorg
 12268 | D:11     | Killed Snorg
 12273 | D:12     | Noticed a cyclops
 12276 | D:12     | Noticed a deep elf pyromancer
 12303 | D:12     | Killed a cyclops
 12432 | D:12     | Reached ***** piety under Cheibriados
 12447 | D:12     | Learned a level 4 spell: Dispel Undead
 12559 | D:12     | Killed a deep elf pyromancer
 12641 | D:12     | Noticed a lich
 12641 | D:12     | Noticed leebro123's ghost (journeyman TrGl)
 12641 | D:12     | Noticed a deep elf annihilator
 12644 | D:12     | Noticed a two-headed ogre
 12644 | D:12     | Noticed a necromancer
 12644 | D:12     | Noticed a skeletal warrior
 12645 | D:12     | Noticed a glowing shapeshifter
 12645 | D:12     | a two-headed ogre changed into a glowing shapeshifter
 12645 | D:12     | a glowing shapeshifter changed into an elephant
 12679 | D:12     | Found a runed translucent door.
 12680 | D:12     | Noticed a great orb of eyes
 12681 | D:12     | Found a runed translucent door.
 12692 | D:12     | Reached XP level 12. HP: 89/89 MP: 22/24
 12901 | D:12     | Noticed a two-headed ogre
 12910 | D:12     | Killed a two-headed ogre
 13319 | D:12     | Found a staircase to the Orcish Mines.
 13549 | D:12     | Noticed an anaconda
 13550 | D:12     | Noticed a broodmother
 13550 | D:12     | an anaconda changed into a broodmother
 13627 | D:12     | Noticed a spark wasp
 14024 | D:11     | Found a staircase to the Lair.
 14376 | Lair:1   | Entered Level 1 of the Lair of Beasts
 14889 | Lair:1   | Noticed Maggie
 14897 | Lair:1   | Killed Maggie
 15615 | Lair:2   | Noticed a six-headed hydra
 15624 | Lair:2   | Killed a three-headed hydra
 15625 | Lair:2   | Reached XP level 13. HP: 62/98 MP: 23/26
 15931 | Lair:2   | Found a hole to the Spider Nest.
 16531 | Lair:3   | Learned a level 3 spell: Mephitic Cloud
 16535 | Lair:3   | Learned a level 3 spell: Ignite Poison
 16541 | Lair:3   | Learned a level 5 spell: Freezing Cloud
 16587 | Lair:3   | Reached ****** piety under Cheibriados
 17012 | Lair:3   | Identified the +5 war axe of Xanem {flame, Will+}
 17386 | Lair:4   | Reached skill level 10 in Spellcasting
 17479 | Lair:4   | Found a sparkling altar of Nemelex Xobeh.
 17952 | Lair:4   | Reached skill level 10 in Dodging
 18281 | Lair:4   | Reached XP level 14. HP: 96/106 MP: 22/28
 18392 | Lair:4   | Found a staircase to the Swamp.
 18590 | Lair:5   | Reached skill level 10 in Stealth
 19027 | Lair:5   | Reached skill level 10 in Invocations
 19528 | Lair:6   | Entered Level 6 of the Lair of Beasts
 19576 | Lair:6   | Found a staircase to the Slime Pits.
 19663 | Lair:6   | Found a dark tunnel.
 19678 | Volcano  | Entered a volcano
 19905 | Volcano  | Found a radiant altar of Vehumet.
 20058 | Volcano  | Identified the ring "Imehowk" {rPois EV+4}
 20504 | Lair:6   | Reached XP level 15. HP: 115/115 MP: 29/29
 21424 | Lair:6   | Reached skill level 10 in Fire Magic
 22072 | Lair:6   | Found a burning altar of Makhleb.
 22078 | Lair:6   | Found a gateway to Hell.
 22085 | Lair:6   | Identified the +1 halberd "Walaosk" {holy, rF- rC+ Int+5}
 22134 | Lair:6   | Reached skill level 10 in Fighting
 22134 | Lair:6   | Reached skill level 10 in Short Blades
 22134 | Lair:6   | Reached skill level 10 in Long Blades
 22134 | Lair:6   | Reached skill level 10 in Axes
 22134 | Lair:6   | Reached skill level 10 in Maces & Flails
 22134 | Lair:6   | Reached skill level 10 in Polearms
 22134 | Lair:6   | Reached skill level 10 in Staves
 22134 | Lair:6   | Reached skill level 10 in Slings
 22134 | Lair:6   | Reached skill level 10 in Bows
 22134 | Lair:6   | Reached skill level 10 in Crossbows
 22134 | Lair:6   | Reached skill level 10 in Throwing
 22134 | Lair:6   | Reached skill level 10 in Armour
 22134 | Lair:6   | Reached skill level 10 in Shields
 22134 | Lair:6   | Reached skill level 10 in Unarmed Combat
 22134 | Lair:6   | Reached skill level 10 in Evocations
 22363 | Orc:1    | Entered Level 1 of the Orcish Mines
 22517 | Orc:2    | Entered Level 2 of the Orcish Mines
 22527 | Orc:2    | Noticed Sonja
 22535 | Orc:1    | Killed Sonja
 23574 | Orc:1    | Paralysed by an orc sorcerer for 3 turns
 23996 | Orc:2    | Paralysed by an orc sorcerer for 5 turns
 24822 | Orc:2    | Found Xinwoniz's Armour Shoppe.
 24822 | Orc:2    | Found Nuleitoj's Antique Weapon Emporium.
 24823 | Orc:2    | Found Uwaledgh's Antique Armour Emporium.
 24827 | Orc:2    | Found Peefabua's Book Shoppe.
 24842 | Orc:2    | Bought a book of Power for 588 gold pieces
 24849 | Orc:2    | Learned a level 6 spell: Iron Shot
 24853 | Orc:2    | Bought a buckler for 130 gold pieces
 24884 | Orc:2    | Found a staircase to the Elven Halls.
 25597 | D:12     | Killed a lich
 25633 | D:12     | Killed leebro123's ghost
 26114 | D:13     | Identified the +5 long sword of Ru's Righteous Fury
                  | {antimagic, rElec Will+ Dex-3}
 26611 | D:13     | Identified the +1 robe "Mag Momee" {rElec Str+2 Dex+3}
 26633 | D:13     | Found an ancient bone altar of Kikubaaqudgha.
 26766 | D:13     | Found a gate to the Vaults.
 26793 | D:13     | Reached XP level 16. HP: 123/123 MP: 29/31
 27059 | D:14     | Found a broken altar of Ashenzari.
 27394 | D:14     | Found Ekuina's General Store.
 27848 | D:14     | Noticed Kirke
 27868 | D:14     | Killed Kirke
 28107 | D:15     | Entered Level 15 of the Dungeon
 28399 | D:15     | Found a staircase to the Depths.
 28956 | D:15     | Noticed Rupert
 28965 | D:15     | Killed Rupert
 29138 | D:15     | Found a white marble altar of Elyvilon.
 29141 | D:15     | Found a hide-covered altar of Uskayaw.
 29141 | D:15     | Found a hide-covered altar of Uskayaw.
 29143 | D:15     | Found a shimmering altar of Xom.
 29143 | D:15     | Found a blossoming altar of Fedhas.
 29143 | D:15     | Found a sacrificial altar of Ru.
 29314 | Depths:1 | Entered Level 1 of the Depths
 29314 | Depths:1 | Found a blossoming altar of Fedhas.
 29628 | Depths:1 | Paralysed by a floating eye for 2 turns
 30852 | D:15     | Reached XP level 17. HP: 131/131 MP: 20/33
 31244 | Depths:1 | Found a one-way gate to the infinite horrors of the Abyss.
 31249 | Depths:1 | Identified the +1 leather armour of a treasure trove
                  | {Will+}
 31428 | Depths:1 | Reached skill level 10 in Conjurations
 32089 | Depths:2 | Noticed a dread lich
 32090 | Depths:2 | Found a one-way gateway to a ziggurat.
 32102 | Depths:2 | Paralysed by something for 5 turns
 32110 | Depths:2 | Killed a dread lich
 32495 | Depths:1 | Reached skill level 10 in Hexes
 32495 | Depths:1 | Reached skill level 10 in Summonings
 32495 | Depths:1 | Reached skill level 10 in Necromancy
 32495 | Depths:1 | Reached skill level 10 in Translocations
 32495 | Depths:1 | Reached skill level 10 in Transmutations
 32495 | Depths:1 | Reached skill level 10 in Ice Magic
 32495 | Depths:1 | Reached skill level 10 in Air Magic
 32495 | Depths:1 | Reached skill level 10 in Earth Magic
 32495 | Depths:1 | Reached skill level 10 in Poison Magic
 33195 | Depths:2 | Found a one-way gate leading to the halls of Pandemonium.
 33366 | Depths:2 | Found Big Baal Hell's Store.
 33827 | Depths:2 | Paralysed by a vampire knight for 2 turns
 33837 | Depths:2 | Killed from afar by a vampire knight

Illustrated notes

Levels and vault maps discovered:
D:1:      dpeg_arrival_chambers_temple_mockup, layout_basic,
          minmay_misc_feat_iff
D:2:      layout_rooms, dreamdust_ecumenical_altar_drowned_temple
D:3:      layout_loops_cross
D:4:      layout_gridville, lemuel_doored_altar, enter_ossuary_2,
          guppyfry_shop_venom
D:5:      layout_gridville, gup_sewer_entry_glass, small_statue_alley_b
D:6:      layout_basic, minmay_temple_entry_hall, serial_shops,
          nicolae_shop_overgrown_old_shop
D:7:      layout_loops_ring
D:8:      cheibrodos_frozen_isle, layout_basic, serial_shops,
          nicolae_square_shop, shop, kennysheep_little_box
D:9:      layout_cave_pods, minmay_between
D:10:     kennysheep_steamy, layout_gridville, corner_web_ring,
          dreamdust_gnoll_shepherd
D:11:     layout_cave_pools, dpeg_oklobed_lair, minmay_unpleasant_kobolds,
          uniq_harold, uniq_snorg
D:12:     layout_cave_pools, erik_orc_2, muffindrake_ghost_dual_entry
D:13:     minmay_inner_zag, layout_rooms, lightli_vaults_fourway_checkpoint,
          kiku_gazebo_garden_becter
D:14:     layout_gridville, serial_shops, nicolae_shop_waterfront,
          cheibrodos_ashenzari_chains, uniq_kirke
D:15:     hangedman_depths_entry_try_elsewhere_first, layout_irregular_city,
          minmay_misc_feat_doors, doesnt_xom_only_xom, uniq_rupert
Temple:   mainiacjoe_temple_starburst
Lair:1:   layout_cave_pods, infiniplex_staircase_pool, uniq_maggie
Lair:2:   minmay_lair_venomous_thicket, layout_hall_layers,
          hellmonk_spider_entry_not_the_bees, nicolae_lair_grove_arrangements
Lair:3:   layout_regular_city, grunt_megastairs_5
Lair:4:   layout_loops_ring, nicolae_swamp_entry_splash_gauntlet, special_room
          [special_room_bee], basic_altar, serial_bayou_ford_a,
          grunt_forest_stairs_basic, serial_bayou_lagoon_a
Lair:5:   layout_hall_layers, serial_bayou, serial_bayou_pond_a,
          serial_bayou_pond_d, serial_bayou_lagoon_b, serial_bayou_shore_a,
          serial_bayou_pond_b, serial_bayou_pond_a
Lair:6:   evil_forest, layout_regular_city, slime_dummy, enter_volcano_3,
          grunt_forest_large_clearing_hut
Orc:1:    minmay_goldmine, layout_caves, basic_altar
Orc:2:    st_orc_mages, layout_caves, uniq_sonja
Depths:1: layout_cave_pools, hell_entry, nicolae_water_bricks,
          abyss_entry_crystal, fedhas_altar_1
Depths:2: kennysheep_room_grid, layout_twisted_cross, enter_ziggurat_c,
          rand_demon_pan_entry_5, glass_columns_a,
          nicolae_hell_entry_big_baal_hell

Skill      XL: |  1  2  3  4  5  6  7  8  9 10 11 12 13 14 15 16 17 |
---------------+----------------------------------------------------+-----
Conjurations   | 2 3 4 5 6 7 8 9 10 | 10.4
Spellcasting   | 5 6 7 8 9 10 11 12 13 | 13.0
Invocations    | 1 2 3 4 5 6 7 8 9 10 11 12 13 | 13.1
Fighting       | 1 2 3 4 5 6 7 8 9 10 11 12 | 12.0
Short Blades   | 1 2 3 4 5 6 7 8 9 10 11 12 | 12.0
Long Blades    | 1 2 3 4 5 6 7 8 9 10 12 13 | 13.5
Axes           | 1 2 3 4 5 6 7 8 9 10 11 12 | 12.0
Maces & Flails | 1 2 3 4 5 6 7 8 9 10 11 12 | 12.0
Polearms       | 1 2 3 4 5 6 7 8 9 10 11 12 | 12.0
Staves         | 1 2 3 4 5 6 7 8 9 10 11 12 | 12.0
Slings         | 1 2 3 4 5 6 7 8 9 10 11 12 | 12.0
Bows           | 1 2 3 4 5 6 7 8 9 10 11 12 | 12.0
Crossbows      | 1 2 3 4 5 6 7 8 9 10 11 12 | 12.0
Throwing       | 1 2 3 4 5 6 7 8 9 10 11 12 | 12.0
Armour         | 1 2 3 4 5 6 7 8 9 10 11 12 | 12.0
Shields        | 1 2 3 4 5 6 7 8 9 10 11 12 | 12.0
Unarmed Combat | 1 2 3 4 5 6 7 8 9 10 11 12 | 12.0
Evocations     | 1 2 3 4 5 6 7 8 9 10 11 12 | 12.0
Hexes          | 1 2 3 4 5 6 7 8 9 10 | 10.2
Summonings     | 1 2 3 4 5 6 7 8 9 10 | 10.2
Necromancy     | 1 2 3 4 5 6 7 8 9 10 | 10.2
Translocations | 1 2 3 4 5 6 7 8 9 10 | 10.2
Transmutations | 1 2 3 4 5 6 7 8 9 10 | 10.2
Ice Magic      | 1 2 3 4 5 6 7 8 9 10 | 10.2
Air Magic      | 1 2 3 4 5 6 7 8 9 10 | 10.2
Earth Magic    | 1 2 3 4 5 6 7 8 9 10 | 10.2
Poison Magic   | 1 2 3 4 5 6 7 8 9 10 | 10.2
Dodging        | 5 6 7 8 9 10 11 12 | 12.8
Stealth        | 5 6 7 8 9 10 11 12 | 12.7
Fire Magic     | 6 7 8 9 10 11 | 11.5

Action                   |  1- 3 |  4- 6 |  7- 9 | 10-12 | 13-15 | 16-18 || total
-------------------------+-------+-------+-------+-------+-------+-------++-------
Melee: Dagger            |    46 |    50 |   206 |       |       |       ||   302
       Bite              |     5 |     4 |    26 |    57 |   109 |    72 ||   273
       Punch             |       |     1 |     4 |    21 |    50 |       ||    76
       Long sword        |       |       |    25 |   353 |   636 |   399 ||  1413
       War axe           |       |       |       |       |    88 |    47 ||   135
Throw: Boomerang         |       |       |       |     1 |       |       ||     1
 Cast: Foxfire           |    37 |    40 |    28 |   189 |    53 |    36 ||   383
       Scorch            |     4 |     9 |    27 |    16 |     5 |       ||    61
       Flame Wave        |       |       |    10 |    25 |    22 |     6 ||    63
       Summon Mana Viper |       |       |       |     3 |    27 |     8 ||    38
       Dispel Undead     |       |       |       |    14 |     5 |     4 ||    23
       Mephitic Cloud    |       |       |       |       |    20 |     5 ||    25
       Ignite Poison     |       |       |       |       |    17 |     5 ||    22
       Freezing Cloud    |       |       |       |       |    31 |    14 ||    45
       Iron Shot         |       |       |       |       |    20 |   128 ||   148
Invok: Bend Time         |       |       |       |     1 |     1 |       ||     2
       Slouch            |       |       |       |       |     5 |     4 ||     9
Evoke: Wand              |       |       |       |    14 |    13 |    12 ||    39
  Use: Scroll            |     6 |     5 |    15 |     8 |     4 |     8 ||    46
       Potion            |       |       |     1 |     6 |     2 |     5 ||    14
 Stab: Sleeping          |     4 |     2 |     3 |     1 |     2 |     5 ||    17
       Distracted        |     1 |       |       |       |     4 |     1 ||     6
       Invisible         |       |       |    13 |    18 |    71 |    37 ||   139
       Confused          |       |       |       |       |     1 |       ||     1
Armor: Robe              |     9 |     6 |     5 |       |       |       ||    20
       Troll leather arm |       |       |    41 |    70 |   146 |   105 ||   362
Dodge: Dodged            |    28 |    39 |   269 |   494 |  1212 |   747 ||  2789
Block: Buckler           |       |       |       |       |    25 |   277 ||   302

Table legend: (Time is in decaauts)
 A = Elapsed time spent in this place.
 B = Non-inter-level travel time spent in this place.
 C = Inter-level travel time spent in this place.
 D = Time resting spent in this place.
 E = Time spent auto-exploring this place.
 F = Levels seen in this place.
 G = Mean time per level.
                   A        B        C        D        E       F      G
               +--------+--------+--------+--------+--------+-----+--------+
         Total |  44812 |  43171 |   1641 |   8633 |  26361 |  28 | 1600.4 |
       Dungeon |  23368 |  22581 |    787 |   4344 |  14427 |  15 | 1557.9 |
        Temple |    629 |    516 |    113 |      0 |    508 |   1 |  629.0 |
          Lair |  11829 |  11329 |    500 |   1006 |   8139 |   6 | 1971.5 |
  Orcish Mines |   3984 |   3759 |    225 |   1218 |   1862 |   2 | 1992.0 |
        Depths |   3788 |   3775 |     13 |   1819 |   1151 |   2 | 1894.0 |
         Sewer |    309 |    309 |      0 |     46 |    178 |   1 |  309.0 |
       Volcano |    902 |    902 |      0 |    198 |     94 |   1 |  902.0 |
               +--------+--------+--------+--------+--------+-----+--------+

Top non-repeatable levels by time:
    D:15: 3331 daAuts
  Lair:6: 2959 daAuts
    D:12: 2817 daAuts
   Orc:1: 2703 daAuts
Depths:1: 2351 daAuts
  Lair:2: 2066 daAuts
  Lair:4: 2037 daAuts
     D:8: 1932 daAuts
    D:14: 1784 daAuts
    D:11: 1650 daAuts
  Lair:1: 1639 daAuts
     D:9: 1618 daAuts
  Lair:3: 1592 daAuts
  Lair:5: 1534 daAuts
     D:4: 1454 daAuts
